AoeStats
← elreyleproso

Arena

510414150Analyzed
2v2 RM · 1d ago on Sep 30, 2026· 46m 34s· 4 players
Game mode
Random Map
Map size
Medium (4 player)
Population
200
Speed
Normal
Resources
Standard
Victory
Conquest
Starting age
Dark Age
Ending age
Imperial Age
RankedLock teamsTeams togetherTeam positionsShared explorationLock speedFull tech treeHidden civsTurbo modeCheats
Victory
Defeat
🇦🇷 Khmer · Argentina
672
+12
🇺🇸 Koreans · United States
445
+22
🇺🇸 Khmer · United States
610
-29
🇺🇸 Danes · United States
550
-16
Davi7422
0:43 Loom
12:11 Feudal Age
13:43 Wheelbarrow
12:53 Town Watch
16:09 Fletching
16:25 Scale Mail Armor
16:42 Double-Bit Axe
21:55 Horse Collar
23:00 Gold Mining
23:29 Arson
25:07 Scale Mail Armor
29:23 Castle Age
31:42 Thumb Ring
35:39 Heated Shot
35:44 Murder Holes
36:04 Squires
35:24 Pikeman
37:09 Town Patrol
37:05 Pikeman
elreyleproso
10:07 Feudal Age
13:23 Loom
17:03 Castle Age
22:15 Double-Bit Axe
30:20 Imperial Age
32:23 Cavalier
42:10 Wheelbarrow
45:04 Hand Cart
SKY_RL
12:48 Feudal Age
11:36 Loom
13:13 Double-Bit Axe
13:10 Horse Collar
17:48 Castle Age
18:13 Wheelbarrow
18:35 Gold Mining
18:37 Stone Mining
20:48 Stone Shaft Mining
21:04 Man-at-Arms
21:30 Arson
25:50 Scale Mail Armor
25:52 Long Swordsman
37:50 Bow Saw
45:06 Pikeman
fiction
0:59 Loom
14:02 Feudal Age
15:24 Wheelbarrow
14:53 Double-Bit Axe
15:00 Town Watch
20:23 Horse Collar
24:21 Castle Age
27:09 Hand Cart
26:56 Town Patrol
26:55 Gold Mining
26:55 Stone Mining
27:16 Heavy Plow
27:29 Bow Saw
27:08 Elite Skirmisher
29:25 Elite Skirmisher
30:28 Husbandry
30:39 Bloodlines
36:24 Tusk Swords
44:33 Tusk Swords
Connection lost

Rejoining the realm…

Still unreachable

The connection could not be restored.

Session expired

The server has moved on; the page needs a fresh start.